 Dungeon Crawl Stone Soup version 0.18-a0-1784-ga939a68 (webtiles) character file.

1151 M4edhros the Nimble (level 8, 0/52 HPs)
             Began as a Formicid Necromancer on Apr 18, 2016.
             Slain by an ice beast (12 damage)
             ... on level 5 of the Dungeon.
             The game lasted 00:16:08 (2036 turns).

M4edhros the Nimble (Formicid Necromancer)          Turns: 2036, Time: 00:16:09

Health: 0/52       AC: 14    Str: 13      XL:     8   Next: 65%
Magic:  11/11      EV:  5    Int: 14 (15) God:
Gold:   292        SH:  0    Dex: 13      Spells: 2 memorised, 7 levels left

rFire  . . .     SeeInvis +     t - +1 spear (venom)
rCold  . . .     Gourm    .     y - +0 plate armour
rNeg   . . .     Faith    .     (no shield)
rPois  .         Spirit   .     (helmet unavailable)
rElec  .         Dismiss  .     (no cloak)
rCorr  .         Reflect  .     j - +2 pair of gloves
SustAt .         Harm     .     m - +0 pair of boots
MR     .....                    (no amulet)
Stlth  ..........               (no ring)
                                (no ring)

@: not resistant to hostile enchantments, extremely unstealthy
A: permanent stasis, dig shafts and tunnels, four strong arms, antennae 3
a: Dig, Shaft Self


You were on level 5 of the Dungeon.
You were very hungry.

You visited 1 branch of the dungeon, and saw 6 of its levels.
You also visited: Sewer.

You collected 292 gold pieces.

Inventory:

Hand Weapons
 f - a +1 short sword of venom
 g - a +1 mace of draining
 t - a +1 spear of venom (weapon)
Missiles
 d - 202 stones (quivered)
 l - 13 poisoned needles
 w - 24 sling bullets
Armour
 a - a +0 robe
 e - a +0 leather armour
 j - a +2 pair of gloves (worn)
 m - a +0 pair of boots (worn)
 y - a +0 plate armour (worn)
Wands
 x - a wand of disintegration (9/24)
Scrolls
 i - 2 scrolls of remove curse
 k - a scroll of identify
 n - a scroll of random uselessness
 s - a scroll of teleportation
 v - a scroll of enchant armour {unknown}
Potions
 p - a potion of heal wounds
Books
 b - a book of Necromancy

   Spells                             Type                      Level
   a - Pain                           Necromancy                   1
   b - Animate Skeleton               Necromancy                   1
   c - Vampiric Draining              Necromancy                   3
   d - Regeneration                   Charms/Necromancy            3
   e - Animate Dead                   Necromancy                   4
   f - Control Undead                 Necromancy                   4
 u - a book of Ice

   Spells                             Type                      Level
   a - Ice Form                       Ice/Transmutation            4
   b - Metabolic Englaciation         Hexes/Ice                    5
   c - Ozocubu's Refrigeration        Ice                          6
   d - Bolt of Cold                   Conjuration/Ice              6
   e - Freezing Cloud                 Conjuration/Ice/Air          6
   f - Simulacrum                     Ice/Necromancy               6
Miscellaneous
 o - a plain deck of war {drawn: 9}
Comestibles
 c - 5 bread rations
 h - a slice of pizza
 q - a royal jelly
 r - a meat ration


   Skills:
 + Level 2.8 Polearms
 + Level 8.6 Dodging
 - Level 2.4 Stealth
 - Level 0.4 Unarmed Combat
 - Level 2.1 Spellcasting
 - Level 4.0 Necromancy


You had 7 spell levels left.
You knew the following spells:

 Your Spells              Type           Power        Failure   Level  Hunger
a - Pain                  Necr           ##..         100%        1    #......
b - Regeneration          Chrm/Necr      #.........   100%        3    ###....


Dungeon Overview and Level Annotations

Branches:
Dungeon (6/15)
 Temple: D:4-7

Altars:
Kikubaaqudgha
Nemelex Xobeh
Okawaru
Qazlal
Trog


Innate Abilities, Weirdness & Mutations

You are under a permanent stasis effect.
You can dig through walls and to a lower floor.
Your four strong arms can wield two-handed weapons with a shield.
You have a pair of large antennae on your head (SInv).


Message History

The ice beast is moderately wounded.
The ice beast hits you but does no damage.
Your plate armour prevents you from hitting the ice beast.
The ice beast is moderately wounded.
The ice beast hits you. The ice beast freezes you!
You closely miss the ice beast.
The ice beast is moderately wounded.
You hit the ice beast.
The ice beast is heavily wounded.
The ice beast hits you but does no damage.
You barely miss the ice beast.
The ice beast is heavily wounded.
The ice beast hits you. The ice beast freezes you!
* * * LOW HITPOINT WARNING * * *
You barely miss the ice beast.
The ice beast is heavily wounded.
The ice beast hits you.
* * * LOW HITPOINT WARNING * * *
The ice beast freezes you!
You die...

.# .### ... ...#
#.# ...# #.# ...#
#.# .### #.# ...
#.# ###. ### #Y# .
. ...# #@# #######
#.#.# #.#
##..#.###..#.# #.#
#.##(##...##.# #.#
.##.#()..##..###.#
###.#)..#.#......#
#...#...###..#####
##)##...##8..#
####.8)..##..#


You could see an ice beast.

Vanquished Creatures
  2 orc warriors
  Purgy (Sewer)
  A centaur (D:6)
  A jelly (D:6)
  A howler monkey (D:4)
  2 crimson imps
  A hound (D:6)
  3 orc priests
  3 orc wizards (D:5)
  Natasha (D:2)
  2 worker ants (D:4)
  A hound zombie (D:5)
  A worker ant zombie (D:5)
  4 gnolls (D:5)
  A river rat (D:5)
  3 adders
  2 oozes
  An adder skeleton (D:6)
  2 worms
  A dart slug (D:2)
  2 giant geckos
  14 orcs
  11 bats
  3 giant cockroaches
  2 goblins (D:3)
  6 kobolds
  4 ball pythons
  A giant newt (D:5)
  4 rats
81 creatures vanquished.

Vanquished Creatures (collateral kills)
  Sigmund (D:6)
  Menkaure (D:6)
  A jelly (D:6)
  A howler monkey (D:6)
  A hound (D:6)
  A worker ant (D:6)
  A quokka (D:6)
7 creatures vanquished.

Grand Total: 88 creatures vanquished

Notes
Turn   | Place    | Note
--------------------------------------------------------------
     0 | D:1      | M4edhros the Formicid Necromancer began the quest for the Orb.
     0 | D:1      | Reached XP level 1. HP: 13/13 MP: 3/3
    93 | D:1      | Reached skill level 2 in Dodging
   166 | D:2      | Reached XP level 2. HP: 18/19 MP: 5/5
   223 | D:2      | Noticed Natasha
   230 | D:2      | Killed Natasha
   230 | D:2      | Reached skill level 3 in Dodging
   230 | D:2      | Reached XP level 3. HP: 24/24 MP: 6/6
   293 | D:2      | Found a sparkling altar of Nemelex Xobeh.
   318 | D:2      | Reached XP level 4. HP: 18/30 MP: 2/7
   439 | D:4      | Found a stormy altar of Qazlal.
   490 | D:4      | Reached skill level 4 in Dodging
   722 | D:3      | Reached XP level 5. HP: 30/35 MP: 8/8
   937 | D:4      | Reached skill level 5 in Dodging
  1002 | D:5      | Entered Level 5 of the Dungeon
  1014 | D:5      | Found a glowing drain.
  1021 | D:5      | Reached XP level 6. HP: 26/41 MP: 9/9
  1072 | Sewer    | Entered a sewer
  1091 | Sewer    | Learned a level 3 spell: Regeneration
  1135 | Sewer    | Noticed Purgy
  1173 | Sewer    | Killed Purgy
  1265 | D:5      | Reached skill level 6 in Dodging
  1363 | D:5      | Reached XP level 7. HP: 30/46 MP: 10/10
  1607 | D:6      | Found a sparkling altar of Nemelex Xobeh.
  1654 | D:6      | Reached skill level 7 in Dodging
  1674 | D:6      | Found an iron altar of Okawaru.
  1704 | D:6      | Reached XP level 8. HP: 29/52 MP: 11/11
  1707 | D:6      | Noticed Sigmund
  1719 | D:6      | Killed Sigmund
  1719 | D:6      | Reached skill level 8 in Dodging
  1733 | D:6      | Found an ancient bone altar of Kikubaaqudgha.
  1736 | D:6      | Found a bloodstained altar of Trog.
  1811 | D:6      | Noticed Menkaure
  1817 | D:6      | Killed Menkaure
  1817 | D:6      | Reached skill level 1 in Polearms
  2036 | D:5      | Slain by an ice beast

Vault maps used:
D:1:      lemuel_arrival_room
D:2:      lemuel_coloured_pillars_altar, minmay_misc_feat_iff,
          nemelex_dance_club_becter, uniq_natasha
D:3:      evilmike_ruin_ashenzari
D:4:      grunt_qazlal_sundering
D:5:      minmay_temple_entry_purple_smoke, first_bread, portal_sewer_entry_a,
          guppyfry_early_orc_mine, uniq_duvessa
D:6:      nemelex_deck, grunt_temple_overflow_open, uniq_sigmund, uniq_menkaure
Sewer:    sewer_big_baddie

Skill      XL: |  1  2  3  4  5  6  7  8 |
---------------+-------------------------+-----
Dodging        | 2 3 4 5 6 7 8 |  8.6
Polearms       | 2 |  2.8
Stealth        | |  2.4
Unarmed Combat | |  0.4
Spellcasting   | |  2.1
Necromancy     | |  4.0

Action                   |  1- 3 |  4- 6 |  7- 9 || total
-------------------------+-------+-------+-------++-------
Melee: Short sword       |    28 |   140 |    65 ||   233
       Unarmed           |     7 |       |       ||     7
       Punch             |       |       |     1 ||     1
       Spear             |       |       |   105 ||   105
 Cast: Pain              |    10 |     2 |       ||    12
       Regeneration      |       |     3 |     3 ||     6
Evoke: Deck              |       |       |     9 ||     9
  Use: Scroll            |       |     7 |       ||     7
       Potion            |       |     2 |     2 ||     4
 Stab: Sleeping          |     1 |     3 |       ||     4
       Invisible         |       |     2 |       ||     2
       Distracted        |       |       |     1 ||     1
  Eat: Chunk             |       |     3 |     2 ||     5
Armor: Leather armour    |     7 |    50 |    31 ||    88
       Plate armour      |       |       |    12 ||    12
Dodge: Dodged            |    20 |   131 |   116 ||   267
